 Dungeon Crawl Stone Soup version 0.22-a0-247-gbddf880 (webtiles) character file.

521 M4edhros the Insei (level 7, -12/45 HPs)
             Began as an Octopode Necromancer on Feb 23, 2018.
             Shot with an arrow by a centaur (18 damage)
             ... on level 5 of the Dungeon.
             The game lasted 00:08:25 (1695 turns).

M4edhros the Insei (Octopode Necromancer)           Turns: 1695, Time: 00:08:26

Health: -12/45     AC:  1    Str:  7    XL:     7   Next: 21%
Magic:  7/10       EV: 16    Int: 22    God:
Gold:   20         SH:  0    Dex: 14    Spells: 5/10 levels left

rFire    + . .     SeeInvis .     - Unarmed
rCold    . . .     Gourm    .   (no shield)
rNeg     . . .     Faith    .   (helmet restricted)
rPois    .         Spirit   .   (no amulet)
rElec    .         Reflect  .   b - +2 ring of intelligence
rCorr    .         Harm     .   q - ring of fire
MR       .....                  d - +2 ring of evasion
Stlth    +++.......             (no ring)
HPRegen  0.15/turn              (no ring)
MPRegen  0.12/turn              (no ring)
                                (no ring)
                                (no ring)

@: about to teleport
A: almost no armour, stealthy swim, amphibious, 8 rings, constrict 8, camouflage
1, clever 1, cold resistance 1, screaming 1, gelatinous body 1, subdued magic 1
a: no special abilities


You were on level 5 of the Dungeon.
You were hungry.

You visited 1 branch of the dungeon, and saw 5 of its levels.

You collected 75 gold pieces.
You spent 55 gold pieces at shops.

Inventory:

Hand Weapons
 f - a +0 hunting sling
Missiles
 i - 75 stones (quivered)
 u - 3 javelins
Jewellery
 b - a +2 ring of intelligence (left tentacle)
 d - a +2 ring of evasion (on tentacle)
 q - a ring of fire (right tentacle)
Scrolls
 c - 4 scrolls of magic mapping {unknown}
 e - 2 scrolls of remove curse {unknown}
 g - 4 scrolls of teleportation
 h - 2 scrolls of fog {unknown}
 j - 4 scrolls of identify {unknown}
 k - 4 scrolls of enchant armour {unknown}
 n - a scroll of amnesia {unknown}
 o - a scroll of blinking {unknown}
 p - a scroll of immolation {unknown}
 s - 2 scrolls of random uselessness {unknown}
Potions
 t - a potion of might
 v - a potion of berserk rage
Comestibles
 a - 8 rations
 m - 2 chunks of flesh


   Skills:
 + Level 2.3 Fighting
 + Level 3.2 Dodging
 - Level 2.6 Stealth
 * Level 6.2 Unarmed Combat
 - Level 2.0 Spellcasting
 - Level 4.0 Necromancy


You had 5 spell levels left.
You knew the following spells:

 Your Spells              Type           Power        Failure   Level  Hunger
a - Pain                  Necr           ###.         1%          1    #......
b - Animate Skeleton      Necr           N/A          1%          1    #......
c - Regeneration          Chrm/Necr      #.........   16%         3    ###....


Dungeon Overview and Level Annotations

Branches:
Dungeon (5/15)
 Temple: D:4-7

Altars:
Elyvilon
Gozag
Hepliaklqana
Ru
Yredelemnul

Shops:
D:4 !

Annotations:
D:2 Terence
D:3 Amnesiac's ghost, amateur DDFi


Innate Abilities, Weirdness & Mutations

You cannot wear most types of armour.
You are very stealthy in the water. (Stealth+)
You are amphibious.
You can wear up to eight rings at the same time.
You can use your tentacles to constrict eight enemies at once.
Your skin changes colour to match your surroundings (Stealth+).
Your rubbery body absorbs attacks. (AC +1, EV +1)
Your mind is acute. (Int +2)
Your flesh is cold resistant. (rC+)
You occasionally shout uncontrollably at your foes.
Your spells are a little easier to cast, but a little less powerful.


Message History

You kill the adder!
The centaur shoots an arrow.
The arrow hits you!
Unknown command.
The centaur drinks a potion.
The centaur seems to speed up.
Okay, then.
Okay, then.
Sorry, you're not good enough to have a special ability.
Unknown command.
The centaur shoots an arrow.
The arrow misses you.
The centaur shoots an arrow.
The arrow hits you!
* * * LOW HITPOINT WARNING * * *
You see here 2 arrows.
Okay, then.
You feel better.
As you read the scroll labeled EMUYPU ODEEFFA, it crumbles to dust.
You feel strangely unstable.
It was a scroll of teleportation.
The centaur shoots an arrow.
The arrow hits you!
* * * LOW HITPOINT WARNING * * *
The centaur shoots an arrow.
The arrow hits you!!
You die...

.##.# ....................
...# .....................
##..##..........##......#..
......# .#......c....c....
......###.####..(#........
#......#.......c†((..#.###
#..............(##.#.....#
..........#####(##.....#.#
.....(....#####.@......#
.............####..###.#
#..........#.##....# ...
##............#.#...# .....#
.#..............###...## ...#
................#####..##....
###................†##.......
##.................<......#
####....##....##..........


You could see a centaur.

Vanquished Creatures
  A sky beast (D:5)
  A bullfrog (D:5)
  A scorpion (D:4)
  A crimson imp (D:3)
  A bullfrog skeleton (D:5)
  A jelly (D:5)
  Jessica (D:2)
  3 iguanas
  3 worker ants
  An adder (D:5)
  2 worms
  A dart slug (D:1)
  3 leopard geckos
  A ball python (D:4)
  3 bats
  2 giant cockroaches (D:1)
  4 goblins
  8 hobgoblins
  4 kobolds
  2 quokkas
  3 frilled lizards
  A leopard gecko skeleton (D:4)
  6 rats
54 creatures vanquished.

Vanquished Creatures (collateral kills)
  A bat (D:2)
  A kobold (D:2)
  A frilled lizard (D:1)
3 creatures vanquished.

Grand Total: 57 creatures vanquished

Notes
Turn   | Place    | Note
-------+----------+-------------------------------------------
     0 | D:1      | M4edhros the Octopode Necromancer began the quest for the Orb.
     0 | D:1      | Reached XP level 1. HP: 11/11 MP: 3/3
    65 | D:1      | Reached skill level 1 in Unarmed Combat
    75 | D:1      | Learned a level 1 spell: Animate Skeleton
   117 | D:1      | Reached XP level 2. HP: 11/17 MP: 5/5
   212 | D:2      | Noticed Terence
   265 | D:2      | Noticed Jessica
   274 | D:2      | Reached skill level 2 in Unarmed Combat
   322 | D:2      | Killed Jessica
   322 | D:2      | Reached skill level 3 in Unarmed Combat
   322 | D:2      | Reached XP level 3. HP: 7/21 MP: 6/6
   591 | D:1      | Learned a level 3 spell: Regeneration
   624 | D:1      | Reached XP level 4. HP: 18/27 MP: 2/7
   698 | D:2      | Found a hazy altar of Hepliaklqana.
   737 | D:2      | Found a basalt altar of Yredelemnul.
   852 | D:3      | Reached skill level 4 in Unarmed Combat
   875 | D:3      | Found an opulent altar of Gozag.
   983 | D:3      | Noticed Amnesiac's ghost (amateur DDFi)
   992 | D:3      | Gained mutation: Your flesh is cold resistant. (rC+) [potion of mutation]
   992 | D:3      | Gained mutation: Your spells are a little easier to cast, but a little less powerful. [potion of mutation]
   992 | D:3      | Gained mutation: You occasionally shout uncontrollably at your foes. [potion of mutation]
   992 | D:3      | Gained mutation: Your mind is acute. (Int +2) [potion of mutation]
  1025 | D:4      | Reached XP level 5. HP: 7/31 MP: 8/8
  1058 | D:4      | Reached skill level 5 in Unarmed Combat
  1237 | D:4      | Found a sacrificial altar of Ru.
  1277 | D:4      | Found a white marble altar of Elyvilon.
  1293 | D:4      | Found Fodu's Distillery.
  1331 | D:4      | Bought a potion of berserk rage for 55 gold pieces
  1445 | D:4      | Reached skill level 1 in Fighting
  1445 | D:4      | Reached XP level 6. HP: 33/38 MP: 9/9
  1542 | D:5      | Entered Level 5 of the Dungeon
  1584 | D:5      | Noticed a sky beast
  1617 | D:5      | Killed a sky beast
  1617 | D:5      | Reached skill level 6 in Unarmed Combat
  1617 | D:5      | Reached XP level 7. HP: 28/45 MP: 1/10
  1695 | D:5      | Shot with an arrow by a centaur

Vault maps used:
D:1:      kilobyte_arrival_exit_the_forest
D:2:      lemuel_doored_altar, cheibriados_altar_1, overflow_temple_1_default,
          grunt_decor_arrowhead, minmay_goblin_kobold_house, uniq_terence,
          uniq_jessica
D:3:      overflow_temple_1_default, uniq_crazy_yiuf_cottage
D:4:      kennysheep_mini, lemuel_round_altar, serial_shops,
          nicolae_shop_behind_doors
D:5:      first_ration, grunt_ministairs_12

Skill      XL: |  1  2  3  4  5  6 |
---------------+-------------------+-----
Unarmed Combat | 1 3 4 5 6 |  6.2
Fighting       | 1 2 |  2.3
Dodging        | 3 |  3.2
Stealth        | |  2.6
Spellcasting   | |  2.0
Necromancy     | |  4.0

Action                   |  1- 3 |  4- 6 |  7- 9 || total
-------------------------+-------+-------+-------++-------
Melee: Unarmed           |    67 |    77 |    17 ||   161
       Constrict         |    18 |    21 |     4 ||    43
       Tentacles         |    14 |    17 |     3 ||    34
       Punch             |     1 |     5 |       ||     6
 Cast: Animate Skeleton  |    10 |     3 |     1 ||    14
       Regeneration      |       |     9 |     1 ||    10
       Pain              |       |     8 |       ||     8
  Use: Potion            |     2 |     9 |     1 ||    12
       Scroll            |       |       |     1 ||     1
 Stab: Sleeping          |     4 |     8 |       ||    12
       Invisible         |       |     2 |       ||     2
  Eat: Chunk             |       |     4 |       ||     4
Armor: Skin              |     2 |     8 |       ||    10
Dodge: Dodged            |    42 |    47 |    14 ||   103

Table legend:
 A = Spawn XP
 B = Non-spawn XP
 C = Spawn XP percentage of total XP
 D = Spawn monster count
 E = Non-spawn monster count
 F = Spawn count percentage of total count
 G = Total turns spent on level
                    A         B        C        D         E        F      G
               +---------+---------+-------+---------+---------+-------+---------
         Total |       0 |     745 |   0.0 |       0 |      57 |   0.0 |  1695
               +---------+---------+-------+---------+---------+-------+---------
           D:1 |       0 |      37 |   0.0 |       0 |      20 |   0.0 |   474
           D:2 |       0 |      61 |   0.0 |       0 |      13 |   0.0 |   305
           D:3 |       0 |      63 |   0.0 |       0 |       7 |   0.0 |   229
           D:4 |       0 |     196 |   0.0 |       0 |       9 |   0.0 |   534
           D:5 |       0 |     388 |   0.0 |       0 |       8 |   0.0 |   153
               +---------+---------+-------+---------+---------+-------+---------
